cohdb
Replays
Latest Replays
All Replays
Popular Replays
Top Player Replays
Match Explorer
How It Works
Community
CoH3 Stats
Reddit
Sign in to upload your games and track your stats! →
Sign in with Steam
Match 43867689
Unlisted
Match 43867689
Overview
Messages
Build Orders
End
Construct Infanterie Kompanie
MG 42 Machine Gun Team
Selects Mechanized Battlegroup
Grenadier Squad
Grenadier Squad
Grenadier Squad
Selects Mobile Repair Stations
Construct Panzergrenadier Kompanie
251 Medium Carrier
Pak 40 Anti-tank Gun Team
Grenadier Squad
Support Elements
Selects Wespe Self-propelled Artillery
Wespe Self-propelled Artillery
251 Medium Carrier
StuG III G Assault Gun
StuG III G Assault Gun
StuG III G Assault Gun
Selects Zeroing Artillery Barrage
Pioneer Squad
Grenadier Squad
Selects Raid Package
Zeroing Artillery Barrage
251 Medium Carrier
Selects 8 Rad Armored Car
Selects UNKNOWN (2160084)
StuG III G Assault Gun
Construct Panzer Kompanie
Panther Heavy Tank
Panther Heavy Tank
Panzer Officer Quarters
Pioneer Squad
Pioneer Squad
Panther Heavy Tank
Dancingdeer
_Dustin
AзИз BoP ЧёPнЫx ПpИoP
mirzaliev2020
Rusty
Iqo
Schlupski
Serial Chiller
0
0
Comments
sign in to comment!
No comments posted yet!